AoeStats
← u.rubiomartin

African Clearing

503890519Analyzed
4v4 RM · 29d ago on Sep 2, 2026· 63m 12s· 8 players
Game mode
Random Map
Map size
Large (8 player)
Population
200
Speed
Normal
Resources
Standard
Victory
Conquest
Starting age
Dark Age
Ending age
Imperial Age
RankedLock teamsTeams togetherTeam positionsShared explorationLock speedFull tech treeHidden civsTurbo modeCheats
Victory
Defeat
🇪🇸 Vietnamese · Spain
771
+15
🇪🇸 Khitans · Spain
760
+15
🇪🇸 Romans · Spain
720
+17
🇪🇸 Teutons · Spain
642
+20
🇫🇷 Byzantines · France
835
-21
🇧🇪 Khmer · Belgium
775
-18
🇩🇪 Hindustanis · Germany
681
-14
🇧🇾 Vikings · Belarus
671
-14
LeVieuxMachin
4:40 Loom
16:06 Feudal Age
22:03 Castle Age
20:55 Double-Bit Axe
31:21 Imperial Age
heffenstinner
7:20 Loom
20:04 Feudal Age
25:05 Castle Age
26:08 Husbandry
26:22 Double-Bit Axe
26:20 Horse Collar
27:19 Wheelbarrow
34:18 Heavy Plow
34:33 Bow Saw
34:58 Hand Cart
37:00 Gold Mining
38:19 Gold Shaft Mining
42:25 Imperial Age
42:45 Stone Mining
43:20 Heavy Camel Rider
48:55 Imperial Camel Rider
50:49 Scale Barding Armor
51:18 Fortified Wall
57:52 Chemistry
netboks
15:07 Feudal Age
15:37 Man-at-Arms
17:52 Arson
24:54 Forging
30:43 Castle Age
ExponentMars848
9:56 Loom
17:30 Feudal Age
18:12 Double-Bit Axe
19:05 Wheelbarrow
20:45 Horse Collar
22:09 Gold Mining
22:11 Stone Mining
25:55 Castle Age
25:12 Stone Mining
25:44 Forging
25:58 Scale Barding Armor
27:02 Bow Saw
32:16 Hand Cart
33:55 Gold Shaft Mining
33:56 Stone Shaft Mining
34:13 Stone Shaft Mining
37:38 Iron Casting
37:26 Chain Barding Armor
37:07 Padded Archer Armor
41:51 Imperial Age
40:02 Tusk Swords
40:10 Husbandry
40:23 Bloodlines
41:38 Scale Mail Armor
43:53 Blast Furnace
43:05 Heavy Plow
44:00 Elite Battle Elephant
45:34 Heavy Scorpion
50:56 Plate Barding Armor
50:41 Masonry
50:54 Ballistics
50:44 Siege Engineers
54:18 Chemistry
BigBoyLevel
11:17 Loom
15:08 Feudal Age
16:16 Domestication
24:42 Castle Age
40:49 Forging
40:39 Scale Mail Armor
53:09 Imperial Age
52:30 Ballistics
52:25 Gold Mining
52:25 Double-Bit Axe
JJMartin
13:41 Loom
18:37 Feudal Age
20:42 Wheelbarrow
19:31 Man-at-Arms
20:14 Double-Bit Axe
20:36 Horse Collar
23:27 Forging
23:18 Scale Mail Armor
29:00 Castle Age
28:13 Bloodlines
30:02 Hand Cart
30:20 Long Swordsman
35:03 Heavy Plow
38:57 Ballistas
41:29 Iron Casting
41:11 Chain Mail Armor
41:03 Scale Barding Armor
41:31 Husbandry
40:52 Light Cavalry
42:33 Gold Mining
42:34 Stone Mining
43:09 Ballistics
42:47 Murder Holes
43:16 Bow Saw
43:42 Caravan
47:58 Imperial Age
46:49 Gold Shaft Mining
46:43 Squires
49:11 Comitatenses
49:14 Conscription
50:11 Town Watch
49:54 Heavy Scorpion
51:38 Chemistry
51:39 Crop Rotation
52:26 Blast Furnace
53:14 Legionary
59:11 Elite Centurion
Powa
18:07 Feudal Age
19:34 Wheelbarrow
19:25 Loom
19:42 Double-Bit Axe
25:20 Castle Age
23:28 Horse Collar
27:20 Town Watch
27:51 Hand Cart
36:46 Heavy Plow
40:08 Bow Saw
41:13 Padded Archer Armor
41:03 Fletching
44:57 Imperial Age
44:21 Bodkin Arrow
44:41 Leather Archer Armor
45:01 Ballistics
44:38 Murder Holes
45:16 Elite Rattan Archer
46:19 Paper Money
47:10 Thumb Ring
48:12 Chemistry
47:48 Ring Archer Armor
47:19 Bracer
48:53 Caravan
48:36 Elite Skirmisher
48:47 Pikeman
50:30 Crop Rotation
51:05 Two-Man Saw
49:59 Gold Mining
50:00 Stone Mining
59:26 Imperial Skirmisher
61:36 Bloodlines
61:27 Husbandry
60:47 Elite Battle Elephant
u.rubiomartin
5:22 Loom
15:53 Feudal Age
16:18 Horse Collar
16:33 Gold Mining
16:57 Double-Bit Axe
19:10 Town Watch
19:50 Scale Mail Armor
23:18 Bloodlines
25:21 Scale Barding Armor
26:25 Wheelbarrow
27:32 Forging
31:55 Castle Age
32:04 Stone Mining
32:41 Heavy Plow
32:58 Bow Saw
33:07 Hand Cart
33:19 Town Patrol
34:23 Chain Barding Armor
35:18 Iron Casting
41:09 Stone Shaft Mining
45:54 Imperial Age
47:19 Elite Teutonic Knight
49:22 Plate Barding Armor
49:43 Cavalier
52:01 Ballistics
52:00 Caravan
53:20 Chain Mail Armor
54:41 Blast Furnace
58:31 Plate Mail Armor
58:31 Conscription
59:53 Paladin
61:56 Crop Rotation
Connection lost

Rejoining the realm…

Still unreachable

The connection could not be restored.

Session expired

The server has moved on; the page needs a fresh start.